 Dungeon Crawl Stone Soup version 0.24.0-125-gc4c63601f3 (webtiles) character file.

Game seed: 16265494227768830356, levelgen mode: deterministic

71 Azrel the Skirmisher (level 4, -4/41 HPs)
             Began as a Minotaur Berserker on Feb 16, 2020.
             Was a Believer of Trog.
             Slain by a gnoll
             ... wielding a +0 spear
              (10 damage)
             ... on level 3 of the Dungeon.
             The game lasted 00:12:46 (1694 turns).

Azrel the Skirmisher (Minotaur Berserker)           Turns: 1694, Time: 00:12:47

Health: -4/41      AC:  5    Str: 23    XL:     4   Next: 5%
Magic:  3/3        EV: 11    Int:  4    God:    Trog [**....]
Gold:   107        SH:  0    Dex:  9    Spells: 3/3 levels left

rFire    . . .     SeeInvis .   a - +0 mace
rCold    . . .     Gourm    .   (no shield)
rNeg     . . .     Faith    .   i - +0 ring mail
rPois    .         Spirit   .   (helmet restricted)
rElec    .         Reflect  .   (no cloak)
rCorr    .         Harm     .   (no gloves)
MR       .....                  (no boots)
Stlth    ..........             (no amulet)
HPRegen  0.13/turn              (no ring)
MPRegen  0.08/turn              (no ring)

@: berserk cooldown
A: retaliatory headbutt, horns 2
a: Berserk, Trog's Hand, Renounce Religion


You were on level 3 of the Dungeon.
You worshipped Trog.
Trog was pleased with you.
You were hungry.

You visited 1 branch of the dungeon, and saw 3 of its levels.

You collected 107 gold pieces.

Inventory:

Hand Weapons
 a - a +0 mace (weapon)
 h - a cursed -3 dagger
 l - a +0 club
 p - a +2 short sword of venom
 u - a cursed +0 spear
Missiles
 f - 16 sling bullets
 j - 21 arrows
 o - 2 boomerangs
 t - 6 poisoned darts (quivered)
Armour
 b - a +0 animal skin
 i - a +0 ring mail (worn)
 k - a +0 robe
 m - a +0 ring mail
 q - a +0 scale mail
Scrolls
 r - a scroll of remove curse
Potions
 d - a potion of curing
 n - 2 potions of brilliance
 s - a potion of ambrosia
 v - a potion of magic
Comestibles
 c - 9 rations
 g - 6 chunks of flesh


   Skills:
 + Level 4.7 Fighting
 + Level 4.7 Maces & Flails
 + Level 0.2 Throwing
 + Level 2.7 Armour
 + Level 2.5 Dodging


You had 3 spell levels left.
You didn't know any spells.
Your spell library was empty.

Dungeon Overview and Level Annotations

Branches:
Dungeon (3/15)

Altars:
Xom


Innate Abilities, Weirdness & Mutations

You reflexively headbutt those who attack you in melee.
You have a pair of horns on your head.


Message History

Press: ? - help, Shift-Dir - straight line, f/p - gnoll
Aim: a gnoll, wielding a +0 spear You throw a poisoned dart.
The poisoned dart hits the gnoll.
The gnoll is poisoned.
The gnoll hits you from afar with a +0 spear.
* * * LOW HITPOINT WARNING * * *
The gnoll hits you but does no damage. The gnoll barely misses you.
You closely miss the gnoll.
The gnoll is moderately wounded.
The gnoll barely misses you. The gnoll hits you with a +0 spear!
* * * LOW HITPOINT WARNING * * *
You feel better. The gnoll barely misses you.
The gnoll hits you with a +0 spear.
* * * LOW HITPOINT WARNING * * *
You feel yourself speed up. The gnoll barely misses you.
The gnoll hits you but does no damage.
The gnoll hits you from afar with a +0 spear!
You die...

... #.# ... #.#
###.## #.#
##?.≈.♣## #.#
##†.♣...≈##
#.####≈≈_#.≈_..#.
#.##.(.♣.._..♣^..
#.##.#≈%≈.._^!^#
#@.g.###≈≈^≈.≈##
####..##.^^.≈##
##.####^### #.#
#..# #.# #..# #.#
#.## #.#
#.#######
#.###.<.....#
#....######.#


You could see a gnoll.

Vanquished Creatures
  Robin (D:2)
  2 gnolls (D:3)
  A giant cockroach (D:3)
  11 goblins
  5 hobgoblins
  2 kobolds
  3 quokkas
  7 bats
  2 frilled lizards (D:3)
  5 rats
39 creatures vanquished.

Notes
Turn   | Place    | Note
-------+----------+-------------------------------------------
     0 | D:1      | Azrel the Minotaur Berserker began the quest for the Orb.
     0 | D:1      | Reached XP level 1. HP: 19/19 MP: 0/0
   913 | D:2      | Reached XP level 2. HP: 25/27 MP: 1/1
  1053 | D:2      | Noticed Robin
  1080 | D:2      | Killed Robin
  1080 | D:2      | Reached XP level 3. HP: 17/33 MP: 2/2
  1093 | D:2      | Reached ** piety under Trog
  1635 | D:3      | Found a shimmering altar of Xom.
  1636 | D:3      | Found a shimmering altar of Xom.
  1637 | D:3      | Found a shimmering altar of Xom.
  1638 | D:3      | Found a shimmering altar of Xom.
  1673 | D:3      | Reached XP level 4. HP: 21/41 MP: 3/3
  1694 | D:3      | Slain by a gnoll

Levels and vault maps discovered:
D:1:      minmay_arrival_plants_in_alcoves, layout_basic, serial_glass,
          glass_columns_c, glass_columns_b, glass_columns_a, glass_columns_c,
          glass_columns_a, glass_columns_a, serial_bayou_pond_d
D:2:      layout_rooms, uniq_robin
D:3:      layout_loops_ring, xom_redecorated, nicolae_overflow_hidden_temple,
          first_ration

Skill      XL: |  1  2 |
---------------+-------+-----
Fighting       | 4 |  4.7
Maces & Flails | 4 |  4.7
Throwing       | |  0.2
Armour         | |  2.7
Dodging        | |  2.5

Action                   |  1- 3 |  4- 6 || total
-------------------------+-------+-------++-------
Melee: Mace              |    76 |     2 ||    78
       Headbutt          |     6 |       ||     6
Throw: Boomerang         |     3 |       ||     3
       Dart              |       |     6 ||     6
Invok: Berserk           |     2 |       ||     2
  Use: Scroll            |    10 |       ||    10
       Potion            |     1 |     1 ||     2
  Eat: Chunk             |     3 |       ||     3
Armor: Animal skin       |     8 |       ||     8
       Ring mail         |     4 |     7 ||    11
Dodge: Dodged            |    41 |    12 ||    53
